 Dungeon Crawl Stone Soup version 0.22-a0-407-gb098539 (webtiles) character file.

29 dstrtnsr the Ruffian (level 3, -2/36 HPs)
             Began as a Troll Fighter on May 10, 2018.
             Slain by a gnoll
             ... wielding a +0 spear
              (7 damage)
             ... on level 2 of the Dungeon.
             The game lasted 00:00:40 (669 turns).

dstrtnsr the Ruffian (Troll Fighter)                 Turns: 669, Time: 00:00:40

Health: -2/36      AC:  5    Str: 25    XL:     3   Next: 1%
Magic:  2/2        EV:  8    Int:  4    God:
Gold:   14         SH:  8    Dex:  9    Spells: 2/2 levels left

rFire    . . .     SeeInvis .     - Unarmed
rCold    . . .     Gourm    +   b - +0 shield
rNeg     . . .     Faith    .   a - +0 robe
rPois    .         Spirit   .   (helmet restricted)
rElec    .         Reflect  .   (no cloak)
rCorr    .         Harm     .   (gloves unavailable)
MR       .....                  (boots unavailable)
Stlth    +.........             (no amulet)
HPRegen  0.52/turn              (no ring)
MPRegen  0.08/turn              (no ring)

@: no status effects
A: large, unfitting armour, claws 3, fast metabolism 3, gourmand, regeneration
1, shaggy fur 1, tough skin 2
a: no special abilities


You were on level 2 of the Dungeon.
You were full.

You visited 1 branch of the dungeon, and saw 2 of its levels.

You collected 14 gold pieces.

Inventory:

Armour
 a - a +0 robe (worn)
 b - a +0 shield (worn)
Jewellery
 h - a +6 ring of dexterity {unknown}
Scrolls
 d - 4 scrolls of identify {unknown}
 f - a scroll of remove curse {unknown}
 i - a scroll of enchant armour {unknown}
 j - a scroll of amnesia {unknown}
 k - 2 scrolls of noise {unknown}
 l - a scroll of fog {unknown}
Potions
 c - a potion of might
 g - 2 potions of curing {unknown}
Comestibles
 e - 4 rations {!d}


   Skills:
 + Level 2.6 Fighting
 - Level 2.4 Dodging
 + Level 2.7 Shields
 * Level 2.9 Unarmed Combat


You had 2 spell levels left.
You didn't know any spells.

Dungeon Overview and Level Annotations

Branches:
Dungeon (2/15)

Altars:

Annotations:
D:2 1 runed door


Innate Abilities, Weirdness & Mutations

You are too large for most types of armour.
You have claws for hands.
Your metabolism is lightning-fast.
You like to eat raw meat.
Your natural rate of healing is unusually fast.
You are covered in fur. (AC +1)
You have very tough skin. (AC +2)


Message History

No target in view!
No target in view!
No target in view!
No target in view!
No target in view!
The bat is too close now for your liking.
A bat is nearby!
A bat is nearby!
A bat is nearby!
You block the bat's attack. The bat hits you but does no damage.
A bat is nearby!
You barely miss the bat. The bat barely misses you. You block the bat's attack.
Your shield prevents you from hitting the bat.
The bat hits you but does no damage. x2
You closely miss the bat. The bat hits you but does no damage.
You block the bat's attack.
You claw the bat!
You kill the bat!
You have reached level 3!
Your experience leads to an increase in your attributes!
Increase (S)trength, (I)ntelligence, or (D)exterity?
You feel stronger. x2
Unknown command.
Found a club.
Found a helmet.
You see here a club.
Found a runed door.
You see here a club.
Found a falchion.
Found a stone staircase leading up.
No target in view!
No target in view!
No target in view!
No target in view!
No target in view!
No target in view!
No target in view!
No target in view!
No target in view!
You see here a falchion.
g - 2 smoky grey potions (gained 1)
Found a helmet.
A rat comes into view.
You block the rat's attack.
You claw the rat!
You kill the rat!
No target in view!
No target in view!
No target in view!
No target in view!
No target in view!
No target in view!
No target in view!
No target in view!
No target in view!
No target in view!
No target in view!
No target in view!
k - a scroll labeled WOILAU WIZYUR
Found a robe.
You see here a helmet.
d - 4 scrolls labeled AFITUY ZAXUZO (gained 3)
k - 2 scrolls labeled WOILAU WIZYUR (gained 1)
l - a scroll labeled SUPNIF VEBYTH
Found 25 sling bullets.
You see here 25 sling bullets. 2 gnolls come into view.
The gnoll shouts!
Found a stone staircase leading down.
A gnoll comes into view. It is wielding a spear.
There are monsters nearby!
A gnoll comes into view. It is wielding a spear.
The gnoll shouts! x2
The gnoll hits you from afar with a spear.
The gnoll barely misses you. x2; The gnoll hits you but does no damage.
You barely miss the gnoll. You block the gnoll's attack. x2
The gnoll hits you from afar with a spear!
You claw the gnoll!
The gnoll is heavily wounded.
The gnoll hits you from afar with a spear.
You block the gnoll's attack.
The gnoll hits you from afar with a spear.
You closely miss the gnoll.
The gnoll is heavily wounded.
You block the gnoll's attack. x2
The gnoll hits you from afar with a spear.
You closely miss the gnoll.
The gnoll is heavily wounded.
The gnoll closely misses you. The gnoll completely misses you.
The gnoll hits you but does no damage.
You scratch the gnoll but do no damage.
The gnoll is heavily wounded.
The gnoll hits you from afar with a spear!
The gnoll hits you with a spear.
The gnoll hits you from afar with a spear!
* * * LOW HITPOINT WARNING * * *
You are too injured to fight recklessly!
You are too injured to fight recklessly!
The gnoll hits you from afar with a spear!
You die...

########....##.##......#
.....................#.#
########.##########.##.#
#.# ## #.##### #.#
#.##... #.#
#########.##.#.
#.#####.......#.#[...
#...%....#...[.......
####@###.#.#.......#.
#.# # #.#...#.#. #..gg#
#.#.#.#.#. #.#.gg
#.#.#.#.#. # ...##
#.#...#.#. #.#.#
#.......#. #.#># .......
#.#.# ...### #.#.# ####


You could see 4 gnolls.

Vanquished Creatures
  An ooze (D:1)
  2 dart slugs (D:1)
  A leopard gecko (D:1)
  2 bats (D:2)
  2 giant cockroaches (D:1)
  2 goblins (D:1)
  3 hobgoblins
  A quokka (D:2)
  5 rats
19 creatures vanquished.

Notes
Turn   | Place    | Note
-------+----------+-------------------------------------------
     0 | D:1      | dstrtnsr the Troll Fighter began the quest for the Orb.
     0 | D:1      | Reached XP level 1. HP: 22/22 MP: 0/0
   102 | D:1      | Reached XP level 2. HP: 29/29 MP: 1/1
   496 | D:2      | Reached XP level 3. HP: 36/36 MP: 2/2
   537 | D:2      | Found a runed door.
   668 | D:2      | HP: 14/36 [gnoll/spear (9)]
   668 | D:2      | HP: 5/36 [gnoll/spear (7)]
   669 | D:2      | Slain by a gnoll

Vault maps used:
D:1:      nicolae_arrival_memento_mori
D:2:      first_ration, minmay_misc_feat_more_columns, uniq_crazy_yiuf_cottage

Action                   || total
-------------------------++-------
Melee: Unarmed           ||    68
  Eat: Chunk             ||     9
Armor: Robe              ||    18
Dodge: Dodged            ||    23
Block: Shield            ||    28

Table legend:
 A = Spawn XP
 B = Non-spawn XP
 C = Spawn XP percentage of total XP
 D = Spawn monster count
 E = Non-spawn monster count
 F = Spawn count percentage of total count
 G = Total turns spent on level
                    A         B        C        D         E        F      G
               +---------+---------+-------+---------+---------+-------+---------
         Total |       0 |      42 |   0.0 |       0 |      19 |   0.0 |   669
               +---------+---------+-------+---------+---------+-------+---------
           D:1 |       0 |      33 |   0.0 |       0 |      13 |   0.0 |   450
           D:2 |       0 |       9 |   0.0 |       0 |       6 |   0.0 |   219
               +---------+---------+-------+---------+---------+-------+---------
